[Event "*** Titled Tuesday Blitz"]
[Site "Chess.com"]
[Date "2021.02.02"]
[Round "3"]
[White "ShahMatKanal"]
[Black "onetowin"]
[Result "1-0"]
[WhiteElo "2475"]
[BlackElo "2014"]
[TimeControl "180+1"]
[EndTime "10:30:50 PST"]
[Termination "ShahMatKanal won on time"]

1. e4 c5 2. Nc3 e6 3. d4 cxd4 4. Qxd4 Nc6 5. Qd3 Nf6 6. Bf4 Bb4 7. Ne2 d5 8. O-O-O d4 9. Nxd4 Nxd4 10. Qxd4 Qxd4 11.
Rxd4 Bxc3 12. bxc3 O-O 13. Bd6 Re8 14. e5 Nd7 15. h4 a6 16. h5 h6 17. g4 b5 18.
g5 Bb7 19. Rh3 hxg5 20. h6 gxh6 21. Rxh6 Kg7 22. Rh5 Kg6 23. Rh3 Rh8 24. Bd3+ Kg7 25. Rg3 f6 26. f4 fxe5 27. Rxg5+ Kf7 28. fxe5 Rh1+ 29. Kb2 1-0

[Event "*** Titled Tuesday Blitz"]
[Site "Chess.com"]
[Date "2021.02.02"]
[Round "3"]
[White "hansen"]
[Black "leejunhyeok"]
[Result "1-0"]
[WhiteElo "2902"]
[BlackElo "2646"]
[TimeControl "180+1"]
[EndTime "10:30:51 PST"]
[Termination "hansen won on time"]

1. e4 d5 2. exd5 Qxd5 3. Nc3 Qd8 4. d4 Nf6 5. Nf3 Bg4 6. h3 Bxf3 7. Qxf3 c6 8. Qd3 e6 9. Be2 Nbd7 10. O-O Bd6 11. Rd1 O-O 12. Bf3 Qc7 13. g3 Rfe8 14. Ne4 Nxe4 15. Bxe4 Nf6 16. Bg2 Rad8 17. c3 h6 18. a4 a5 19. Re1 e5 20. dxe5 Bxe5 21. Qf3 Nd5 22. Re2 Qb6 23. Bd2 Qxb2 24. Rae1 Re6 25.
Bg5 Qxe2 26. Rxe2 hxg5 27. Rb2 Nxc3 28. Rxb7 Rd1+ 29. Bf1 Rf6 30. Qh5 g6 31. Qh6 Rf3 32. Re7 Bg7 33. Re8+ 1-0

[Event "*** Titled Tuesday Blitz"]
[Site "Chess.com"]
[Date "2021.02.02"]
[Round "3"]
[White "Alexander_Moskalenko"]
[Black "kikydu96"]
[Result "1-0"]
[WhiteElo "2798"]
[BlackElo "2566"]
[TimeControl "180+1"]
[EndTime "10:30:51 PST"]
[Termination "Alexander_Moskalenko won by resignation"]

1. e4 e5 2. Bc4 Nf6 3. d3 c6 4. Nf3 d5 5. Bb3 Bd6 6. Nc3 Be6 7.
Ng5 O-O 8. Nxe6 fxe6 9. O-O Nbd7 10. Qe2 Qe8 11. Bd2 Qg6 12. Kh1 a5 13. a3 Kh8 14.
Rae1 Nh5 15. g3 h6 16. Nd1 Nhf6 17. c3 Rf7 18. Bc2 Raf8 19. Kg1 Ng4 20. Ne3 Ndf6 21. f3 Nxe3 22. Bxe3 Nh5 23. Kh1 b5 24. c4 d4 25.
Bd2 b4 26. axb4 Bxb4 27. Bxb4 axb4 28. Bd1 Ra7 29. f4 Nf6 30. fxe5 Nd7 31. Rxf8+ Nxf8 32. Qg4 Qf7 33. Kg2 Ra2 34. Re2 Nd7 35. Rf2 Qe7 36. Qh5 Nxe5 37. Qxe5 1-0

[Event "*** Titled Tuesday Blitz"]
[Site "Chess.com"]
[Date "2021.02.02"]
[Round "3"]
[White "ARTHURMOTIVATOR"]
[Black "Brave_spirit12"]
[Result "1-0"]
[WhiteElo "2318"]
[BlackElo "2498"]
[TimeControl "180+1"]
[EndTime "10:30:51 PST"]
[Termination "ARTHURMOTIVATOR won on time"]

1. e4 e6 2. b3 d5 3. Bb2 Nf6 4. e5 Nfd7 5. f4 c5 6. Qg4 Nc6 7. Nf3 f5 8. Qh3 Be7 9. Na3 a6 10. c3 O-O 11. Bd3 h6 12. g4 c4 13. Bb1 Nc5 14. Rg1 Ne4 15. gxf5 exf5 16. Qxh6 Rf7 17. e6 Bxe6 18. Qxe6 Bh4+ 19. Kd1 Qb6 20. Bxe4 fxe4 21. Nd4 Nxd4 22. Qxb6 Nf3 23. Rg2 cxb3 24. Qxb3 Rd8 25. Kc2 d4 26. cxd4 Kf8 27. Bc3 Rc7 28. Qb4+ Ke8 29.
d5 Rxd5 30. Qxe4+ Re5 31. fxe5 1-0

[Event "*** Titled Tuesday Blitz"]
[Site "Chess.com"]
[Date "2021.02.02"]
[Round "3"]
[White "MelihKaanCan"]
[Black "catzapto"]
[Result "0-1"]
[WhiteElo "2320"]
[BlackElo "2114"]
[TimeControl "180+1"]
[EndTime "10:30:51 PST"]
[Termination "catzapto won on time"]

1. d4 Nf6 2. Nf3 e6 3. c4 d5 4. cxd5 Bb4+ 5. Nc3 Nxd5 6. Qc2 c5 7. e4 cxd4 8. exd5 dxc3 9. bxc3 Bc5 10. dxe6 Bxe6 11. Bd3 Nc6 12. O-O Rc8 13. Bg5 f6 14. Rfe1 Kf7 15. Rxe6 Kxe6 16. Bc4+ Ke7 17. Re1+ Kf8 18.
Qf5 Na5 19. Bd5 Rc7 20. c4 Re7 21. Rd1 Rd7 0-1

[Event "*** Titled Tuesday Blitz"]
[Site "Chess.com"]
[Date "2021.02.02"]
[Round "3"]
[White "MPGM"]
[Black "Vasily85"]
[Result "0-1"]
[WhiteElo "2583"]
[BlackElo "2421"]
[TimeControl "180+1"]
[EndTime "10:30:52 PST"]
[Termination "Vasily85 won by resignation"]

1. c4 c5 2. Nc3 g6 3. g3 Bg7 4. Bg2 Nc6 5. b3 e6 6. Ba3 b6 7. e3 Nge7 8. Nge2 O-O 9. d4 d6 10. O-O Bb7 11. Rc1 Rc8 12. d5 Na5 13. e4 exd5 14.
exd5 a6 15. Qd2 b5 16. cxb5 axb5 17. Nxb5 Ba6 18. Na7 Ra8 19. Nc6 Naxc6 20. dxc6 Bxe2 21. c7 Qxc7 22. Bxa8 Bxf1 23. Bf3 Bb5 24. Rd1 Rd8 25. Bb2 Bc6 26. Bxc6 Nxc6 27. Bxg7 Kxg7 28. Qd5 Nd4 29. b4 Qb6 30. a3 Rb8 31. h4 Ne2+ 32. Kf1 Nc3 33. Qxd6 Nxd1 34. Qxd1 cxb4 35. axb4 Qxb4 36. h5 Qb1 0-1

[Event "*** Titled Tuesday Blitz"]
[Site "Chess.com"]
[Date "2021.02.02"]
[Round "3"]
[White "tk22h"]
[Black "lelajavakhishvili"]
[Result "1/2-1/2"]
[WhiteElo "2358"]
[BlackElo "2527"]
[TimeControl "180+1"]
[EndTime "10:30:52 PST"]
[Termination "Game drawn by repetition"]

1. c4 g6 2. Nc3 Bg7 3. Nf3 c5 4. g3 Nc6 5. Bg2 e5 6. O-O Nge7 7. d3 d6 8. a3 O-O 9. Rb1 a5 10. Bd2 h6 11. Ne1 Be6 12. Nc2 d5 13. cxd5 Nxd5 14.
Ne3 Nxe3 15. Bxe3 Nd4 16. Bxb7 Rb8 17. Bg2 Bb3 18. Qd2 Bc2 19. Bxd4 exd4 20. Qxc2 dxc3 21.
bxc3 Qf6 22. c4 Rb2 23. Rxb2 Qxb2 24. Qxb2 Bxb2 25. a4 Rb8 26. Rb1 Rb4 27. Bc6 Bd4 28.
Rd1 Kg7 29. Kg2 Rb2 30. Kf3 f5 31. h4 Kf6 32. e3 Bc3 33. Bb5 g5 34. hxg5+ hxg5 35. d4 g4+ 36. Kg2 cxd4 37. exd4 f4 38. gxf4 Kf5 39. d5 Kxf4 40. Kf1 Bb4 41. d6 Bc5 42. d7 Rxf2+ 43. Ke1 g3 44. d8=Q Bb4+ 45. Rd2 Rxd2 46. Qxd2+ Bxd2+ 47. Kf1 Bb4 48. Kg2 Bc5 49.
Bc6 Ke5 50. Bb5 Kf4 51. Bc6 Bb4 52. Bb5 Bc5 1/2-1/2

[Event "*** Titled Tuesday Blitz"]
[Site "Chess.com"]
[Date "2021.02.02"]
[Round "3"]
[White "Pikachess999"]
[Black "Skatchkov_V"]
[Result "0-1"]
[WhiteElo "2357"]
[BlackElo "2531"]
[TimeControl "180+1"]
[EndTime "10:30:52 PST"]
[Termination "Skatchkov_V won by resignation"]

1. e4 e5 2. Nf3 d5 3. d4 dxe4 4.
Nxe5 Bd6 5. Nc4 Nf6 6. Nc3 O-O 7.
Bg5 Nc6 8. Be2 Bf5 9. d5 Ne5 10. Qd4 Nxc4 11. Bxc4 Re8 12. Bxf6 Qxf6 13. Qxf6 gxf6 14.
O-O-O a6 15. a4 Bg4 16. Rde1 f5 17. h3 Bh5 18. g4 Bg6 19. Re2 b5 20. Bb3 b4 21.
Nd1 f4 22. Rhe1 f5 23. Kb1 fxg4 24. hxg4 Rab8 25. a5 Rb5 26. Ba4 Rxd5 27. Bxe8 Bxe8 28. Rxe4 Bg6 29. R4e2 b3 30. Nc3 bxc2+ 31. Kc1 Rxa5 32.
Ne4 f3 33. Nxd6 fxe2 34. Nc4 Ra1+ 0-1

[Event "*** Titled Tuesday Blitz"]
[Site "Chess.com"]
[Date "2021.02.02"]
[Round "3"]
[White "awesomevishesh"]
[Black "wnstop"]
[Result "0-1"]
[WhiteElo "2489"]
[BlackElo "2748"]
[TimeControl "180+1"]
[EndTime "10:30:53 PST"]
[Termination "wnstop won by resignation"]

1. d4 Nf6 2. c4 e6 3. g3 Bb4+ 4. Nd2 a5 5. Bg2 a4 6. a3 Bxd2+ 7. Bxd2 d6 8. Nf3 Bd7 9. O-O Bc6 10. Bg5 Be4 11. Bh3 h6 12. Bc1 O-O 13. Nd2 Bc6 14. Qc2 b5 15. cxb5 Bxb5 16. Bg2 d5 17. Nf3 Nbd7 18. Bf4 Rc8 19. Ne5 c5 20. Nxd7 Nxd7 21. dxc5 Nxc5 22. Rac1 Nb3 23. Qxc8 Qxc8 24. Rxc8 Rxc8 25.
Re1 Rc2 26. Be5 f6 27. Bc3 d4 28. Be4 Rxe2 29. Rxe2 Bxe2 30. Bb4 d3 31. f3 d2 32. Kf2 d1=Q 0-1

[Event "*** Titled Tuesday Blitz"]
[Site "Chess.com"]
[Date "2021.02.02"]
[Round "3"]
[White "andrewtnb"]
[Black "MilosJi"]
[Result "0-1"]
[WhiteElo "2302"]
[BlackElo "2653"]
[TimeControl "180+1"]
[EndTime "10:30:53 PST"]
[Termination "MilosJi won by checkmate"]

1. d4 d5 2. Nf3 Nf6 3. c4 e6 4. Nc3 Nbd7 5. cxd5 exd5 6. Bg5 Bb4 7. e3 c5 8. Qc2 Qa5 9. Bd3 O-O 10. O-O c4 11.
Bf5 Re8 12. Nd2 g6 13. Bh3 Bxc3 14. Qxc3 Qxc3 15. bxc3 Ne4 16. Nxe4 dxe4 17. Bxd7 Bxd7 18. a4 b6 19. a5 b5 20. Rfb1 Rac8 21.
Bf4 a6 22. Bd6 Bc6 23. Bc5 Rcd8 24. Re1 f5 25. h4 Kf7 26. g3 h6 27. Kf1 Ke6 28. Ke2 Rh8 29. Rh1 Rh7 30. Rh2 Rdh8 31. Rah1 Kd5 32. Bb4 Be8 33. Kd2 Rd7 34. Ke2 Rg8 35.
Kd2 Rgg7 36. Ke2 Bf7 37. Kd2 Bg8 38. Ke2 Rh7 39. Kd2 Ke6 40. Ke2 Kd5 41. Kd2 Rhf7 42. Ke2 Rf6 43. Kd2 Re6 44. Ke2 Rf6 45. Kd2 Rg7 46.
Ke2 Be6 47. Kd2 Rg8 48. Ke2 f4 49. exf4 Bg4+ 50. Ke3 Re8 51. Rg1 Rf7 52. Kd2 Re6 53. Ke3 Ref6 54. Kd2 g5 55. hxg5 hxg5 56. fxg5 Rxf2+ 57.
Rxf2 Rxf2+ 58. Kc1 Rf5 59. g6 Rg5 60. Rh1 Rxg6 61.
Rh7 e3 62. Re7 Be6 63. Kd1 Rxg3 64. Ke2 Bg4+ 65. Ke1 Rg1# 0-1

[Event "*** Titled Tuesday Blitz"]
[Site "Chess.com"]
[Date "2021.02.02"]
[Round "3"]
[White "Legendinunknown"]
[Black "Kaua18"]
[Result "1-0"]
[WhiteElo "2587"]
[BlackElo "2395"]
[TimeControl "180+1"]
[EndTime "10:30:53 PST"]
[Termination "Legendinunknown won by checkmate"]

1. d4 Nf6 2. c4 e6 3. Nc3 Bb4 4. f3 d5 5. a3 Bxc3+ 6. bxc3 c5 7. cxd5 Nxd5 8. dxc5 Qa5 9. e4 Ne7 10. Ne2 O-O 11. Be3 e5 12. Qc2 Nec6 13. Ng3 Na6 14. Bxa6 Qxa6 15. Kf2 Be6 16. Rhd1 Rfd8 17. Nf5 Bxf5 18. exf5 Na5 19. Qa4 f6 20. Rd6 b6 21.
Rad1 Rxd6 22. Rxd6 Qc4 23. Qd7 bxc5 24. Qc7 Qxc3 25.
Rd7 Qc2+ 26. Bd2 Kh8 27. Qxa5 Qxf5 28. Rd8+ Rxd8 29. Qxd8# 1-0

[Event "*** Titled Tuesday Blitz"]
[Site "Chess.com"]
[Date "2021.02.02"]
[Round "3"]
[White "Matols"]
[Black "eCztery"]
[Result "1-0"]
[WhiteElo "2276"]
[BlackElo "2423"]
[TimeControl "180+1"]
[EndTime "10:30:53 PST"]
[Termination "Matols won by resignation"]

1. d4 Nf6 2. c4 g6 3. g3 Bg7 4. Bg2 O-O 5. Nc3 c5 6. d5 d6 7.
Nf3 a6 8. a4 Bf5 9. Nh4 Bg4 10.
h3 Bd7 11. O-O a5 12. e4 Na6 13. Be3 Nb4 14. Kh2 Qc7 15. Nb5 Bxb5 16. axb5 Nd7 17. Qd2 b6 18. f4 Rae8 19. Nf3 e6 20. dxe6 Rxe6 21. Ng5 Re7 22. Rad1 h6 23. Nf3 Rxe4 24.
Nh4 Re6 25. f5 Rxe3 26. Qxe3 g5 27. Nf3 Ne5 28. Nd2 Nc2 29. Qe4 Nd4 30. f6 Bh8 31. h4 Re8 32. Qd5 Ng4+ 33. Kh1 Re5 34. Qa8+ Re8 35.
Qxe8+ Kh7 36. hxg5 hxg5 37. Be4+ 1-0

[Event "*** Titled Tuesday Blitz"]
[Site "Chess.com"]
[Date "2021.02.02"]
[Round "3"]
[White "flexova"]
[Black "BAS8892"]
[Result "0-1"]
[WhiteElo "2435"]
[BlackElo "2729"]
[TimeControl "180+1"]
[EndTime "10:30:55 PST"]
[Termination "BAS8892 won by resignation"]

1. e4 c6 2. d4 d5 3. e5 Bf5 4. h4 h5 5. Bd3 Bxd3 6. Qxd3 Qa5+ 7.
Nd2 Qa6 8. e6 Qxd3 9. exf7+ Kxf7 10. cxd3 Nd7 11. Ndf3 Nh6 12. Nh3 Nf5 13. Nhg5+ Kf6 14.
Bf4 e6 15. O-O Bd6 16. Be5+ Bxe5 17. dxe5+ Ke7 18. d4 Raf8 19. Rac1 Nh6 20. Rc3 Ng4 21. Rfc1 a5 22. Rb3 Rb8 23. Ra3 Ra8 24. Rb3 Ra7 25.
a4 Rb8 26. Ne1 Nh6 27. Nd3 Nf5 28. Nf3 Ra6 29. Nc5 Nxc5 30. Rxc5 Kd7 31. g3 b6 32. Rc1 b5 33. axb5 Rxb5 34. Rxb5 cxb5 35. Rc5 Rb6 36. Kf1 a4 37. Ke2 b4 38. Kd2 a3 39. bxa3 bxa3 40. Ra5 Rb3 41. Ra7+ Kc6 42. Ke2 Kb6 43. Ra8 Kb5 44.
Rb8+ Ka4 45. Ra8+ Kb4 46. Nd2 Nxd4+ 47. Kd1 Rb2 48. Rb8+ Kc3 49. Rxb2 0-1

[Event "*** Titled Tuesday Blitz"]
[Site "Chess.com"]
[Date "2021.02.02"]
[Round "3"]
[White "dukicz123"]
[Black "ParvizGasimov"]
[Result "1-0"]
[WhiteElo "2607"]
[BlackElo "2407"]
[TimeControl "180+1"]
[EndTime "10:30:55 PST"]
[Termination "dukicz123 won on time"]

1. e4 e6 2. d4 d5 3. Nc3 Bb4 4. e5 c5 5. a3 Bxc3+ 6. bxc3 Ne7 7. Qg4 O-O 8. Bd3 Nbc6 9. Qh5 Ng6 10. Be3 Qa5 11. Bd2 Qa4 12. Nf3 cxd4 13. cxd4 Nxd4 14. Nxd4 Qxd4 15. O-O Bd7 16. Rab1 h6 17. Rb4 Qc5 18. Bxh6 Rfc8 19. Bxg6 fxg6 20. Qxg6 Qe7 21. Rg4 Be8 22. Qd3 g6 23. Bg5 Qf7 24. Bf6 1-0

[Event "*** Titled Tuesday Blitz"]
[Site "Chess.com"]
[Date "2021.02.02"]
[Round "3"]
[White "KNCP_719"]
[Black "Politov_Pavel"]
[Result "1-0"]
[WhiteElo "2595"]
[BlackElo "2400"]
[TimeControl "180+1"]
[EndTime "10:30:55 PST"]
[Termination "KNCP_719 won by checkmate"]

1. e4 e5 2. Nf3 Nf6 3. Nxe5 d6 4. Nf3 Nxe4 5. d3 Nf6 6. d4 Be7 7. Bd3 O-O 8. O-O c5 9. h3 cxd4 10. Nxd4 Nc6 11. Nf5 Bxf5 12. Bxf5 d5 13. Nc3 h6 14. Re1 Bc5 15. Bf4 Qb6 16. Bg3 Qxb2 17. Nxd5 Rad8 18.
c4 Nxd5 19. cxd5 Ne7 20. Be4 f5 21. Rc1 Qa3 22. Bf3 f4 23. Qc2 b6 24. Bh4 Rde8 25. Bxe7 Bxe7 26. Qg6 Rd8 27. Rc7 Rf6 28. Qe4 Bd6 29.
Rb7 Rff8 30. Qe6+ Kh8 31. Qg6 Rf6 32. Qxg7# 1-0

[Event "*** Titled Tuesday Blitz"]
[Site "Chess.com"]
[Date "2021.02.02"]
[Round "3"]
[White "r31415"]
[Black "jorquerino"]
[Result "1-0"]
[WhiteElo "2511"]
[BlackElo "2295"]
[TimeControl "180+1"]
[EndTime "10:30:55 PST"]
[Termination "r31415 won on time"]

1. e4 d5 2. exd5 Nf6 3. Nf3 Nxd5 4. d4 g6 5. Be2 Bg7 6. c4 Nb6 7. Nc3 O-O 8. O-O Nc6 9. c5 Nd5 10. Qb3 Be6 11. Qxb7 Nxc3 12. bxc3 Bd5 13. Qa6 Rb8 14. Be3 e5 15. Rfd1 exd4 16. Nxd4 Qf6 17. Bc4 Bxc4 18.
Qxc6 Qxc6 19. Nxc6 Rb2 20. Nxa7 Bxa2 21. Bd4 Be6 22.
Nc6 h5 23. Ra7 Bf5 24. Ne7+ Kh7 25. Nxf5 gxf5 26. Rxc7 Rd8 27. Kf1 Bxd4 28. Rxd4 1-0

[Event "*** Titled Tuesday Blitz"]
[Site "Chess.com"]
[Date "2021.02.02"]
[Round "3"]
[White "Chamal_Gedgafov"]
[Black "Trickster_Pony"]
[Result "0-1"]
[WhiteElo "2360"]
[BlackElo "1458"]
[TimeControl "180+1"]
[EndTime "10:30:55 PST"]
[Termination "Trickster_Pony won by checkmate"]

1. e4 c5 2. Nf3 g6 3. d4 cxd4 4. Nxd4 Nc6 5. Nc3 Bg7 6. Be3 Nf6 7. Bc4 O-O 8. Bb3 d5 9. Bxd5 Ng4 10. Nxc6 bxc6 11.
Bxc6 Nxe3 12. Qxd8 Rxd8 13. fxe3 Rb8 14. Nd1 Ba6 15. c3 Rd6 16. Bd5 e6 17. Bb3 Rbd8 18. Kf2 Rd2+ 19. Kf3 Be2+ 20. Kf4 Bh6+ 21. Kg3 Bg7 22. Kf4 Bh6+ 23. Kg3 Bg7 24. Re1 Be5+ 25. Kh3 h5 26. Nf2 Bg4+ 27. Nxg4 hxg4+ 28. Kxg4 Rxg2+ 29. Kf3 Rdd2 30. Rf1 g5 31. Bxe6 fxe6 32. h3 Rg3# 0-1

[Event "*** Titled Tuesday Blitz"]
[Site "Chess.com"]
[Date "2021.02.02"]
[Round "3"]
[White "Rud_Makarian"]
[Black "tjychess"]
[Result "1-0"]
[WhiteElo "2902"]
[BlackElo "2651"]
[TimeControl "180+1"]
[EndTime "10:30:56 PST"]
[Termination "Rud_Makarian won by resignation"]

1. d4 Nf6 2. c4 e6 3. Nf3 Bb4+ 4. Bd2 a5 5. g3 d6 6. Bg2 Nbd7 7. O-O e5 8. Nc3 exd4 9. Nxd4 O-O 10. b3 Re8 11. a3 Bc5 12. Bf4 Ne5 13. Qd2 Ng6 14. Bg5 h6 15. Bxf6 Qxf6 16. Ndb5 Qd8 17. Ne4 Bb6 18. Rad1 Bd7 19. c5 Bxc5 20. Nxc5 Bxb5 21. Nxb7 Qf6 22. Rfe1 a4 23. Na5 Rab8 24. b4 Ne5 25. Qc3 Re7 26. f4 Ng4 27. Qxf6 Nxf6 28. Nc6 Bxc6 29. Bxc6 Re3 30.
Rd3 Rxd3 31. exd3 g6 32. Rc1 Rb6 33. b5 Rb8 34. Rc4 Kf8 35. Rxa4 Ke7 36. Rc4 d5 37. Rc1 Kd6 38. a4 Nd7 39. a5 Nc5 40. a6 Nxa6 41.
bxa6 1-0

[Event "*** Titled Tuesday Blitz"]
[Site "Chess.com"]
[Date "2021.02.02"]
[Round "3"]
[White "Grimlock_Glasgow"]
[Black "Rogarcia1"]
[Result "1-0"]
[WhiteElo "2494"]
[BlackElo "2229"]
[TimeControl "180+1"]
[EndTime "10:30:56 PST"]
[Termination "Grimlock_Glasgow won on time"]

1. e4 c5 2. Nc3 Nc6 3. Bb5 g6 4. Bxc6 dxc6 5. d3 Bg7 6. f4 Nf6 7. Nf3 O-O 8. O-O b6 9. Qe1 a5 10. Qh4 Ra7 11. f5 b5 12. Bh6 b4 13. Ne2 c4 14. dxc4 Bxh6 15. Qxh6 Qb6+ 16. Kh1 Ng4 17. Qh4 h5 18. Nf4 Kg7 19. h3 Ne3 20. Rf2 Nxc4 21. Nxh5+ gxh5 22. Qg5+ Kh8 23. Qh6+ Kg8 24. Ng5 1-0

[Event "*** Titled Tuesday Blitz"]
[Site "Chess.com"]
[Date "2021.02.02"]
[Round "3"]
[White "WonderChampion"]
[Black "gumimis"]
[Result "0-1"]
[WhiteElo "2062"]
[BlackElo "2326"]
[TimeControl "180+1"]
[EndTime "10:30:56 PST"]
[Termination "gumimis won by checkmate"]

1. d4 Nf6 2. Bg5 g6 3. Bxf6 exf6 4. e3 Bg7 5. c4 f5 6. Nc3 d6 7.
Nf3 O-O 8. Bd3 c5 9. d5 Nd7 10. O-O Re8 11. Qc2 Ne5 12. Nxe5 Bxe5 13. e4 fxe4 14.
Nxe4 Bf5 15. Rfe1 Qh4 16. Ng3 Bxd3 17. Qxd3 Bxb2 18. Rab1 Bd4 19. Ne4 Re5 20. g3 Qe7 21. Re2 Re8 22. Rbe1 f5 23. Nxd6 Rxe2 24. Rxe2 Qxe2 25.
Qxe2 Rxe2 26. Nxb7 Rxf2 27. Kh1 Rb2 28. Nd6 Rxa2 29.
Nb5 a6 30. Nxd4 cxd4 31. d6 Kf7 32. c5 d3 33. c6 d2 34. c7 d1=Q# 0-1

[Event "*** Titled Tuesday Blitz"]
[Site "Chess.com"]
[Date "2021.02.02"]
[Round "3"]
[White "CalinGheorghiu"]
[Black "chessablanca"]
[Result "0-1"]
[WhiteElo "2242"]
[BlackElo "2497"]
[TimeControl "180+1"]
[EndTime "10:30:57 PST"]
[Termination "chessablanca won by resignation"]

1. e4 e5 2. Nf3 Nc6 3. Bb5 a6 4. Ba4 Nf6 5. d3 b5 6. Bb3 Be7 7. O-O O-O 8. c3 d6 9. Re1 Na5 10. Bc2 c5 11. Nbd2 Nc6 12. Nf1 Re8 13. Ng3 Bf8 14. h3 g6 15. a4 Rb8 16. axb5 axb5 17. d4 Bg7 18. d5 Ne7 19. b4 c4 20. Be3 Bd7 21. Ra5 Kh8 22. Qd2 Nfg8 23. Ng5 Rf8 24. f4 f5 25. exf5 Nxf5 26. Nxf5 gxf5 27. Ne6 Bxe6 28.
dxe6 Qe7 29. Ra6 Rbd8 30. Rd1 Qxe6 31. Rxd6 Rxd6 32. Qxd6 Qxd6 33. Rxd6 exf4 34. Bxf4 Bxc3 35. Rb6 Bd4+ 36. Kf1 Bxb6 37. Be5+ Nf6 38. Bxf5 Kg8 39. Be6+ Kg7 40. g4 Re8 0-1

[Event "*** Titled Tuesday Blitz"]
[Site "Chess.com"]
[Date "2021.02.02"]
[Round "3"]
[White "Natalya_Buksa"]
[Black "Matensien"]
[Result "1-0"]
[WhiteElo "2572"]
[BlackElo "2379"]
[TimeControl "180+1"]
[EndTime "10:30:59 PST"]
[Termination "Natalya_Buksa won by resignation"]

1. d4 Nf6 2. Nc3 d5 3. Bf4 Bf5 4. e3 e6 5. Nf3 Bd6 6. Ne5 O-O 7. g4 Bg6 8. h4 h5 9. g5 Ne4 10. Nxe4 dxe4 11. Nxg6 fxg6 12. Bxd6 cxd6 13. Qd2 d5 14.
O-O-O Nc6 15. Kb1 Rc8 16. a3 Qa5 17. Bh3 Kf7 18. Qe2 Ke7 19. Rhf1 a6 20. f3 exf3 21.
Rxf3 Qb5 22. Qxb5 axb5 23. Rdf1 Rxf3 24. Rxf3 b4 25. a4 Nd8 26. Bf1 Nf7 27. Bd3 Nh8 28. Kc1 Rf8 29. Rxf8 Kxf8 30. c3 bxc3 31. bxc3 Ke7 32.
Kb2 Kd6 33. Kb3 e5 34. dxe5+ Kxe5 35. Kb4 Nf7 36. Kb5 Nd6+ 37. Kb6 Ke6 38. Bxg6 Ke5 39.
Bd3 Ke6 40. a5 Kd7 41. Be2 Kc8 42. Bd3 Kb8 43. Kc5 Kc7 44. Kxd5 Ne8 45. e4 Nd6 46. e5 Nc8 47. Be2 Ne7+ 48. Ke6 Nc6 49. Bxh5 Nxa5 50.
Kf7 Nc6 51. e6 Kd6 52. Bg4 b5 53. h5 Ne7 54. h6 gxh6 55. gxh6 Nd5 56. h7 1-0

[Event "*** Titled Tuesday Blitz"]
[Site "Chess.com"]
[Date "2021.02.02"]
[Round "3"]
[White "ehrenfeld"]
[Black "JoachimMouhamad"]
[Result "1-0"]
[WhiteElo "2518"]
[BlackElo "2312"]
[TimeControl "180+1"]
[EndTime "10:30:59 PST"]
[Termination "ehrenfeld won on time"]

1. e4 e5 2. Nc3 Nf6 3. f4 d5 4. fxe5 Nxe4 5. Qf3 Nxc3 6. bxc3 Be7 7. d4 Be6 8. Bd3 c5 9. Ne2 g5 10. O-O Nc6 11.
Qh5 Qd7 12. Bxg5 c4 13. Bxe7 cxd3 14. Nf4 Nxe7 15. Nxe6 Qxe6 16. Rf6 Qc8 17. Qxf7+ Kd8 18. Rd6+ Kc7 19. Qxe7+ Kb8 20. Rd7 a6 21. Rb1 Ra7 22.
cxd3 Ka8 23. c4 dxc4 24. dxc4 Re8 25. Qd6 Rg8 26. Qd5 Re8 27. c5 Kb8 28. e6 b5 29.
c6 Rc7 30. Qd6 1-0

[Event "*** Titled Tuesday Blitz"]
[Site "Chess.com"]
[Date "2021.02.02"]
[Round "3"]
[White "MarceloPlaya"]
[Black "OMGCovid-19"]
[Result "1-0"]
[WhiteElo "2293"]
[BlackElo "1964"]
[TimeControl "180+1"]
[EndTime "10:30:59 PST"]
[Termination "MarceloPlaya won by checkmate"]

1. e4 e6 2. d4 d5 3. Nc3 Bb4 4. e5 c5 5. a3 Bxc3+ 6. bxc3 Qc7 7.
Qg4 f5 8. exf6 Nxf6 9. Qg3 Qxg3 10. hxg3 Nc6 11. Nf3 Bd7 12. Bf4 Ne4 13. dxc5 Nxc3 14. Bd3 O-O-O 15. Ne5 Be8 16. Nxc6 Bxc6 17. Be5 d4 18.
Bxg7 Rhg8 19. Bf6 Rd7 20. Rxh7 Bxg2 21. Rxd7 Kxd7 22. Bxd4 Nd5 23. O-O-O Bf3 24. Bb5+ Kc8 25. Rd2 Be4 26. Be5 Bf5 27. c4 Nc7 28. Bd7+ Kb8 29.
c6 b6 30. f3 Bg6 31. Bxe6 Re8 32. f4 Rxe6 33. Rd8# 1-0

[Event "*** Titled Tuesday Blitz"]
[Site "Chess.com"]
[Date "2021.02.02"]
[Round "3"]
[White "PopMilan95"]
[Black "sergiochess83"]
[Result "1-0"]
[WhiteElo "2613"]
[BlackElo "2843"]
[TimeControl "180+1"]
[EndTime "10:31:00 PST"]
[Termination "PopMilan95 won by resignation"]

1. e4 c5 2. Nf3 d6 3. d4 cxd4 4. Qxd4 Nf6 5. Nc3 Nc6 6. Bb5 Bd7 7. Bxc6 Bxc6 8. Bg5 e6 9. O-O-O Be7 10. Rhe1 Qa5 11.
Kb1 O-O 12. Qd2 Qa6 13. Nd4 Rfd8 14. f3 Be8 15. g4 b5 16. Nce2 Qb7 17. Ng3 a5 18.
Nh5 Nxh5 19. gxh5 Bxg5 20. Qxg5 f6 21. Qg4 Qf7 22. h6 Bd7 23. hxg7 Rac8 24. Rg1 Rc5 25. Qg3 Be8 26. f4 Rdc8 27. f5 e5 28. Ne6 Rxc2 29.
Qd3 Qh5 30. Qxd6 1-0

[Event "*** Titled Tuesday Blitz"]
[Site "Chess.com"]
[Date "2021.02.02"]
[Round "3"]
[White "canary2016"]
[Black "Julianos82"]
[Result "0-1"]
[WhiteElo "2012"]
[BlackElo "2304"]
[TimeControl "180+1"]
[EndTime "10:31:00 PST"]
[Termination "Julianos82 won by checkmate"]

1. Nf3 d5 2. c4 c6 3. d4 dxc4 4. g3 b5 5. a4 Bb7 6. Bg2 Nd7 7.
O-O e6 8. Qc2 a6 9. Bf4 Ngf6 10.
Rd1 Be7 11. Nc3 O-O 12. Ne5 Nd5 13. Be4 f5 14. Nxd5 cxd5 15. Bg2 Bf6 16. axb5 Bxe5 17. Bxe5 Nxe5 18. bxa6 Rxa6 19. dxe5 Qb6 20. Rxa6 Qxa6 21. b3 Rc8 22. bxc4 dxc4 23. Rd6 Qa1+ 24. Bf1 Qxe5 25. Rb6 Qd5 26. e4 Qxe4 27. Qxe4 Bxe4 28. Rxe6 c3 29. f3 c2 30. fxe4 c1=Q 31. exf5 Qc5+ 32. Kh1 Qd5+ 33. Bg2 Rc1+ 34. Re1 Rxe1# 0-1

[Event "*** Titled Tuesday Blitz"]
[Site "Chess.com"]
[Date "2021.02.02"]
[Round "3"]
[White "novocane"]
[Black "andriipalchuk"]
[Result "0-1"]
[WhiteElo "2274"]
[BlackElo "2601"]
[TimeControl "180+1"]
[EndTime "10:31:02 PST"]
[Termination "andriipalchuk won by resignation"]

1. d4 d5 2. c4 e6 3. Nc3 c6 4. e4 dxe4 5. Nxe4 Bb4+ 6. Bd2 Qxd4 7. Bxb4 Qxe4+ 8. Be2 Na6 9. Bc3 Qxg2 10. Bf3 Qg6 11.
Ne2 e5 12. Ng3 Be6 13. Bxe5 Rd8 14. Qe2 Qd3 15. Bxg7 Qxe2+ 16. Bxe2 Nb4 17. O-O f6 18. Bxh8 Ke7 19. a3 Nc2 20. Rac1 Nd4 21. Rfe1 Nh6 22. Bg7 Nf7 23. Bg4 Ne5 24. Bxe6 Nxe6 25. Nf5+ Kf7 26.
Rxe5 fxe5 27. Bxe5 Ng5 28. f4 Ne4 29. Re1 Nd2 30.
Kf2 Nxc4 31. Re2 Rd7 32. Ne3 Nb6 33. Nc2 Nd5 34. Kf3 Ne7 35. Ne3 Rd3 36. Kf2 Ng6 37. Ke1 Nh4 38. Nf5 Nxf5 39. Rc2 Ke6 40. Re2 Kf7 41. Bc3 Nh4 42. Rg2 Nxg2+ 0-1

[Event "*** Titled Tuesday Blitz"]
[Site "Chess.com"]
[Date "2021.02.02"]
[Round "3"]
[White "Chopper1905"]
[Black "Alexchess1984"]
[Result "1/2-1/2"]
[WhiteElo "2921"]
[BlackElo "2683"]
[TimeControl "180+1"]
[EndTime "10:31:04 PST"]
[Termination "Game drawn by repetition"]

1. d4 Nf6 2. c4 c5 3. d5 b5 4.
cxb5 a6 5. bxa6 Bxa6 6. Nc3 g6 7. e4 Bxf1 8. Kxf1 d6 9. g3 Bg7 10. Kg2 O-O 11. Nf3 Qb6 12. a4 Na6 13. Qe2 Nc7 14. Bg5 Rfb8 15. Rhb1 h6 16. Bd2 Qa6 17. Kf1 Rb3 18.
Qxa6 Nxa6 19. Ra3 Rab8 20. Rxb3 Rxb3 21. Ke2 Nd7 22. Kd3 Kh7 23. h4 f5 24. exf5 gxf5 25. Kc2 Rb8 26. Re1 Nb4+ 27. Kd1 Bf6 28. b3 Nd3 29.
Re2 Rxb3 30. Kc2 c4 31. Nd4 Rb2+ 32. Kd1 Bxd4 33. Rxe7+ Kg8 34. Rxd7 Nxf2+ 35. Kc1 Nd3+ 36. Kd1 Nf2+ 37. Kc1 Nd3+ 38. Kd1 Nf2+ 1/2-1/2